 Dungeon Crawl Stone Soup version 0.23-a0-419-g0174fd8 (webtiles) character file.

53 clean the Grasshopper (level 3, 0/30 HPs)
             Began as a Draconian Warper on Nov 11, 2018.
             Slain by Natasha (9 damage)
             ... on level 3 of the Dungeon.
             The game lasted 00:04:11 (1806 turns).

clean the Grasshopper (Draconian Warper)            Turns: 1806, Time: 00:04:12

Health: 0/30       AC:  5    Str: 13    XL:     3   Next: 62%
Magic:  6/6        EV: 12    Int: 14    God:
Gold:   90         SH:  0    Dex: 10    Spells: 6/6 levels left

rFire    . . .     SeeInvis .   a - +0 spear
rCold    . . .     Gourm    .   (no shield)
rNeg     . . .     Faith    .   (armour unavailable)
rPois    .         Spirit   .   (helmet restricted)
rElec    .         Reflect  .   (no cloak)
rCorr    .         Harm     .   (no gloves)
MR       .....                  (no boots)
Stlth    +.........             (no amulet)
HPRegen  0.10/turn              (no ring)
MPRegen  0.10/turn              (no ring)

@: slowed, very slow
A: unfitting armour, cold-blooded, AC +5
a: no special abilities


You were on level 3 of the Dungeon.
You were not hungry.

You visited 1 branch of the dungeon, and saw 3 of its levels.

You collected 90 gold pieces.

Inventory:

Hand Weapons
 a - a +0 spear (weapon)
 g - a +0 spear
   (You found it on level 1 of the Dungeon)
Missiles
 d - 5 tomahawks of dispersal (quivered) {!f}
 f - 36 stones
Scrolls
 b - a scroll of fog {unknown}
 c - 2 scrolls of blinking
 h - a scroll of remove curse {unknown}
 j - a scroll of identify {unknown}
Potions
 i - a potion of berserk rage {unknown}
Comestibles
 e - 4 rations {!d}


   Skills:
 + Level 2.7 Fighting
 + Level 2.5 Polearms
 + Level 1.5 Throwing
 + Level 2.5 Dodging
 + Level 2.4 Spellcasting
   Level 3.0 Translocations


You had 6 spell levels left.
You didn't know any spells.
Your spell library contained the following spells:

 Spells                   Type           Power        Failure   Level  Hunger
 Blink                    Tloc           N/A          10%         2    ###....
 Shroud of Golubria       Chrm/Tloc      #.........   19%         2    ###....
 Gell's Gravitas          Tloc           ##........   21%         3    ###....
 Lesser Beckoning         Tloc           ##........   21%         3    ###....
 Teleport Other           Tloc           ##......     21%         3    ###....
 Passage of Golubria      Tloc           N/A          54%         4    #####..


Dungeon Overview and Level Annotations

Branches:
Dungeon (3/15)

Altars:

Annotations:
D:3 Natasha


Innate Abilities, Weirdness & Mutations

Your plain brown scales are hard. (AC +5)
You cannot fit into any form of body armour.
You are cold-blooded and may be slowed by cold attacks.


Message History

Eating a chunk of flesh.
You eat the chunk of flesh.
You climb upwards.
Level annotation: Natasha The jackal bites you but does no damage.
The ooze closely misses you. The goblin barely misses you.
The jackal bites you but does no damage.
There is a stone staircase leading down, spattered with blood here.
Natasha hisses angrily.
You hit the jackal.
You kill the jackal!
The ooze hits you. The goblin hits you but does no damage.
A rat comes into view.
A dart slug comes into view.
You hit the goblin.
You kill the goblin!
The ooze barely misses you.
Attack whom?
Aim: Natasha You reach to attack!
You hit Natasha. The ooze hits you.
Unknown command.
You can't go up here!
The ooze barely misses you. The rat bites you. Natasha barely misses you.
You climb downwards.
There is a stone staircase leading up here.
You hit the rat. The ooze hits you. Natasha claws you but does no damage.
The rat barely misses you.
You hit the rat.
You kill the rat!
The ooze hits you.
Natasha stares at you and mumbles some strange words.
You resist with significant effort.
You closely miss Natasha. You tail-slap Natasha. The ooze barely misses you.
Natasha casts a spell at you. The magic dart hits you!
You closely miss Natasha. You tail-slap Natasha.
The ooze hits you but does no damage. Natasha claws you!
* * * LOW HITPOINT WARNING * * *
You barely miss Natasha. The ooze hits you.
* * * LOW HITPOINT WARNING * * *
Natasha wildly gestures.
You feel troubled.
Natasha casts a spell.
You hit Natasha but do no damage.
Your tail-slap misses Natasha.
The ooze misses you.
Natasha stares at you and mumbles some strange words.
You feel yourself slow down.
You hit Natasha. The ooze barely misses you. Natasha closely misses you.
The ooze hits you.
* * * LOW HITPOINT WARNING * * *
You barely miss Natasha. Natasha claws you!
You die...

### #...#####
#.#.#.#@###
#.....J5h.#
#.#.#.#.#.#
#.........#
#.#.#.#.#.##.##
#..............
#.#.#.#.#.##.#.
#.###.#.####.#
##.###.#......#


You could see Natasha, a crimson imp and an ooze.

Vanquished Creatures
  An adder (D:2)
  2 oozes
  2 dart slugs (D:1)
  3 giant cockroaches (D:1)
  5 hobgoblins (D:1)
  4 jackals
  A bat (D:1)
  6 frilled lizards
  3 goblins
  A kobold (D:1)
  4 rats
32 creatures vanquished.

Notes
Turn   | Place    | Note
-------+----------+-------------------------------------------
     0 | D:1      | clean the Draconian Warper began the quest for the Orb.
     0 | D:1      | Reached XP level 1. HP: 17/17 MP: 3/3
    25 | D:1      | Reached skill level 1 in Throwing
    85 | D:1      | Reached XP level 2. HP: 20/25 MP: 5/5
  1056 | D:1      | Reached XP level 3. HP: 29/30 MP: 6/6
  1537 | D:2      | You fall through a shaft!
  1620 | D:2      | Noticed Natasha
  1806 | D:3      | Slain by Natasha

Vault maps used:
D:1:      shiori_shiawase
D:2:      first_ration, uniq_sigmund, uniq_natasha
D:3:      minmay_tree_intersection, dk_noncrumbling_2, st_stairs_8

Skill      XL: |  1 |
---------------+----+-----
Throwing       | 1 |  1.5
Fighting       | |  2.7
Polearms       | |  2.5
Dodging        | |  2.5
Spellcasting   | |  2.4
Translocations | |  3.0

Action                   || total
-------------------------++-------
Melee: Spear             ||   102
       Tailslap          ||     8
 Stab: Sleeping          ||     1
  Eat: Chunk             ||     3
Armor: Skin              ||    29
Dodge: Dodged            ||    72

Table legend:
 A = Non-vault XP
 B = Vault XP
 C = Vault XP percentage of total XP
 D = Non-vault monster count
 E = Vault monster count
 F = Vault count percentage of total count
                 A         B        C        D         E       F
            +---------+---------+-------+---------+---------+-------
      Total |      69 |       7 |   9.2 |      31 |       1 |   3.1
            +---------+---------+-------+---------+---------+-------
        D:1 |      44 |       0 |   0.0 |      23 |       0 |   0.0
        D:2 |      18 |       0 |   0.0 |       4 |       0 |   0.0
        D:3 |       7 |       7 |  50.0 |       4 |       1 |  20.0
            +---------+---------+-------+---------+---------+-------
